 Seeded DCSS version 0.30-a0-364-gf6b3ef1049 (webtiles) character file.

Game seed: 20221115 (custom seed)

1228 Nerdsrcool the Magician (level 8, -1/50 HPs)
             Began as a Djinni Fire Elementalist on Nov 15, 2022.
             Slain by Duvessa
             ... wielding a +3 short sword of speed
              (19 damage)
             ... on level 5 of the Dungeon.
             The game lasted 00:24:16 (4196 turns).

Nerdsrcool the Magician (Djinni Fire Elementalist)  Turns: 4196, Time: 00:24:18

Health: -1/50      AC:  6    Str:  9    XL:     8   Next: 76%
Gold:   305        EV: 13    Int: 18    God:
                   SH:  5    Dex: 13

rFire   + + .      SeeInvis .    h - +9 short sword of the Winnowing Augurer {vorpal, rF+}
rCold   . . .      Faith    .    (no shield)
rNeg    . . .      Spirit   .    l - +2 robe {Will+}
rPois   ∞          Reflect  +    p - +0 helmet
rElec   .          Harm     .    s - +0 cloak {Stlth+}
rCorr   .          Rampage  .    (no gloves)
Will    +....                    (boots unavailable)
Stlth   +++.......               u - amulet of reflection
HPRegen 0.28/turn                d - ring of ice
MPRegen 0.00/turn                (no ring)

@: flying
A: sickness immunity, fire resistance 2, cold vulnerability 1, float, innate
caster, HP casting, extra vitality 1
a: no special abilities


You were on level 5 of the Dungeon.
You visited 1 branch of the dungeon, and saw 5 of its levels.

You collected 305 gold pieces.

Inventory:

Hand Weapons
 h - the +9 short sword of the Winnowing Augurer (weapon) {vorpal, rF+}
   (You found it on level 2 of the Dungeon)

   It inflicts extra damage upon your enemies.
   rF:        It protects you from fire.
Missiles
 m - 3 atropa-tipped darts
 v - a throwing net
Armour
 a - a +0 robe
 l - a +2 robe of willpower (worn)
 p - a +0 helmet (worn)
 s - a +0 cloak of stealth (worn)
Jewellery
 d - a ring of ice (left hand)
 u - an amulet of reflection (around neck)
Scrolls
 e - 2 scrolls of blinking
 j - 8 scrolls of teleportation
 k - 3 scrolls of immolation
 n - a scroll of silence
 r - 2 scrolls of noise
 t - a scroll of amnesia {unknown}
 w - a scroll of enchant weapon {unknown}
Potions
 b - a potion of invisibility {unknown}
 c - 7 potions of curing
 f - 2 potions of lignification {unknown}
 g - a potion of heal wounds {unknown}
 i - 3 potions of brilliance {unknown}
 o - 3 potions of degeneration {unknown}
 q - a potion of magic {unknown}


   Skills:
 + Level 0.4 Short Blades
 + Level 3.6 Dodging
 + Level 3.3 Stealth
 + Level 7.2 Spellcasting


You had 2 spell levels left.
You knew the following spells:

 Your Spells              Type           Power      Damage    Failure   Level
a - Foxfire               Conj/Fire      100%       2x1d9     1%          1
b - Scorch                Fire           64%        2d8       1%          2
c - Kindle Blastsparks    Fire/Tloc/Air  64%        2d15      1%          3
d - Inner Flame           Hex/Fire       32%        N/A       1%          3
e - Flame Wave            Conj/Fire      32%        2d9       5%          4
f - Summon Small Mammal   Summ           100%       N/A       1%          1
g - Static Discharge      Conj/Air       64%        2-5/arc   1%          2
h - Ignite Poison         Fire/Tmut/Pois 32%        N/A       1%          3
Your spell library was empty.

Dungeon Overview and Level Annotations

Branches:
Dungeon (5/15)
 Temple: D:4-7

Altars:
Ashenzari
Elyvilon
Gozag
Hepliaklqana
Uskayaw

Annotations:
D:5 Duvessa


Innate Abilities, Weirdness & Mutations

You are immune to sickness and miasma.
You are immune to poison.
Your flesh is very heat resistant. (rF++)
You are vulnerable to cold. (rC-)
You float through the air rather than walking.
You learn spells naturally, not from books.
Your magical power is your life essence.
You have superior vitality. (+4 MHP)


Message History

Dowan is severely wounded.
You conjure some foxfire!
The foxfire hits Dowan!
You kill Dowan!
Duvessa screams in rage.
Duvessa goes berserk!
You conjure some foxfire!
The foxfire hits Duvessa but does no damage. x2
You conjure some foxfire!
The foxfire hits Duvessa.
Duvessa is lightly wounded.
You conjure some foxfire!
Your foxfire dissipates!
The foxfire hits Duvessa.
Duvessa is lightly wounded.
The foxfire hits Duvessa but does no damage.
Duvessa is lightly wounded.
Duvessa rages.
A cloud of volatile blastsparks flares up around you!
The foxfire hits Duvessa but does no damage.
Duvessa is lightly wounded.
Your foxfire dissipates!
Duvessa hits you with a +3 short sword of speed.
Duvessa attacks as you move away! You block Duvessa's attack.
The cloud of blastsparks explodes!
The concussive blast engulfs Duvessa!
Duvessa is moderately wounded.
The concussive blast engulfs you. You resist.
Your foxfire dissipates!
Duvessa is struck by an arc of lightning.
Duvessa is heavily wounded.
You are struck by an arc of lightning.
The lightning grounds out.
Duvessa closely misses you.
Duvessa hits you with a +3 short sword of speed!
You block Duvessa's attack.
You are too injured to fight recklessly!
Casting: Scorch (safe; 1% risk of failure)
Press: ? - help, Q - select action, (/) - cycle Dir - look around, f - activate Flames lash Duvessa.
Duvessa is heavily wounded.
Duvessa's fire resistance burns away.
Duvessa hits you with a +3 short sword of speed!!
You die...

.≈.≈._...≈.§#.#.#
.#.≈.≈...≈.≈....'.#
...≈.≈≈≈≈≈.§..#.#.#######
#.§.......≈.............
#.§≈≈≈≈≈≈≈≈..#+#........
.......................
#....#...§.....#######
##.?##.###.....#
#...e@.........#
#...##.###.....# #... #.#
#.#.### #### #.). #.#
#.#.######...
#...##.###............
#...#..............)..
....######.#.#.####...
..... #.#.#.# #...
#.#.#.####...


You could see Duvessa (berserk, combustible).

Vanquished Creatures
  Sigmund (D:2)
  A water moccasin (D:5)
  Pargi (D:3)
  An ice beast (D:5)
  An ogre (D:3)
  3 scorpions
  Dowan (D:5)
  2 howler monkeys (D:5)
  A jelly (D:4)
  2 orc priests (D:4)
  An iguana (D:5)
  Jessica (D:2)
  Natasha (thrice) (D:2)
  2 orc wizards (D:4)
  A gnoll (D:3)
  3 adders
  2 worms (D:2)
  A dart slug (D:3)
  11 orcs
  10 ball pythons
  8 bats
  6 endoplasms
  A giant cockroach (D:4)
  6 goblins
  6 hobgoblins
  2 jackals (D:2)
  4 quokkas
  6 frilled lizards
  6 kobolds
  9 rats
103 creatures vanquished.

Vanquished Creatures (collateral kills)
  A hobgoblin (D:4)
  3 foxfires (D:1)
4 creatures vanquished.

Vanquished Creatures (others)
  374 foxfires
374 creatures vanquished.

Grand Total: 481 creatures vanquished

Notes
Turn   | Place    | Note
-------+----------+-------------------------------------------
     0 | D:1      | Nerdsrcool the Djinni Fire Elementalist began the quest for
                  | the Orb.
     0 | D:1      | Nerdsrcool set off with the following spells memorised:
                  | Foxfire, Scorch, Kindle Blastsparks, Inner Flame, Flame
                  | Wave.
     0 | D:1      | Reached XP level 1. HP: 15/15 MP: 0/0
   331 | D:1      | Reached XP level 2. HP: 19/21 MP: 0/0
   536 | D:1      | Found a faded altar of an unknown god.
   536 | D:1      | Noticed a hellwing
   748 | D:1      | Reached XP level 3. HP: 23/25 MP: 0/0
   748 | D:1      | Learned a level 1 spell: Summon Small Mammal
  1075 | D:2      | Noticed Sigmund
  1078 | D:2      | Reached skill level 3 in Spellcasting
  1087 | D:2      | Killed Sigmund
  1088 | D:2      | Reached skill level 4 in Spellcasting
  1088 | D:2      | Reached XP level 4. HP: 11/31 MP: 0/0
  1088 | D:2      | Reached XP level 5. HP: 13/35 MP: 0/0
  1088 | D:2      | Learned a level 2 spell: Static Discharge
  1120 | D:2      | Noticed Natasha
  1127 | D:2      | Killed Natasha
  1128 | D:2      | Reached XP level 6. HP: 17/40 MP: 0/0
  1307 | D:2      | Noticed Natasha
  1311 | D:2      | Killed Natasha
  1332 | D:2      | Noticed Natasha
  1336 | D:2      | Killed Natasha
  1490 | D:2      | Identified the +9 short sword of the Winnowing Augurer
                  | {vorpal, rF+}
  1724 | D:2      | Noticed Jessica
  1728 | D:2      | Killed Jessica
  2036 | D:3      | Noticed Pargi
  2046 | D:3      | Killed Pargi
  2047 | D:3      | Reached skill level 5 in Spellcasting
  2047 | D:3      | Reached XP level 7. HP: 24/45 MP: 0/0
  2047 | D:3      | Learned a level 3 spell: Ignite Poison
  2151 | D:3      | Found a hazy altar of Hepliaklqana.
  2170 | D:3      | Found a hide-covered altar of Uskayaw.
  3027 | D:4      | Reached skill level 6 in Spellcasting
  3167 | D:4      | Reached XP level 8. HP: 41/50 MP: 0/0
  3519 | D:5      | Entered Level 5 of the Dungeon
  3640 | D:5      | Found an opulent altar of Gozag.
  3721 | D:5      | Found a white marble altar of Elyvilon.
  3966 | D:5      | Reached skill level 7 in Spellcasting
  4168 | D:5      | Found a broken altar of Ashenzari.
  4184 | D:5      | Noticed Dowan
  4188 | D:5      | Noticed Duvessa
  4189 | D:5      | Killed Dowan
  4196 | D:5      | Slain by Duvessa

Illustrated notes

Levels and vault maps discovered:
D:1:      dpeg_arrival_simpleton_c, layout_basic,
          dreamdust_ecumenical_altar_sealed_demon
D:2:      layout_basic, uniq_sigmund, uniq_natasha, uniq_jessica
D:3:      layout_loops_ring, mainiacjoe_overflow_catwalk_spiral, minivault_19,
          minmay_fractal_squares_5, uniq_pargi
D:4:      layout_rooms
D:5:      layout_basic, mainiacjoe_overflow_chevrons,
          mainiacjoe_overflow_concentric_impassable, grunt_ashenzari_visionary
          [grunt_ashenzari_visionary_shoals, grunt_ashenzari_visionary_spider],
          nicolae_ru_path_of_blood, ebering_ghost_rock_garden,
          nicolae_shop_firing_range, uniq_duvessa

Skill      XL: |  1  2  3  4  5  6  7  8 |
---------------+-------------------------+-----
Spellcasting   | 4 5 6 7 |  7.2
Stealth        | 2 3 |  3.3
Dodging        | 3 |  3.6
Short Blades   | |  0.4

Action                   |  1- 3 |  4- 6 |  7- 9 || total
-------------------------+-------+-------+-------++-------
Melee: Short sword       |       |     2 |    11 ||    13
 Cast: Foxfire           |    51 |    45 |   136 ||   232
       Summon Small Mamm |     1 |     1 |     8 ||    10
       Kindle Blastspark |       |     4 |     1 ||     5
       Scorch            |       |     1 |    10 ||    11
       Static Discharge  |       |       |     1 ||     1
  Use: Scroll            |       |     4 |     3 ||     7
 Stab: Sleeping          |       |     1 |       ||     1
Armor: Robe              |     1 |     2 |     6 ||     9
Dodge: Dodged            |     4 |     3 |     6 ||    13
Block: Other             |       |       |     3 ||     3

Table legend: (Time is in decaauts)
 A = Elapsed time spent in this place.
 B = Non-inter-level travel time spent in this place.
 C = Inter-level travel time spent in this place.
 D = Time resting spent in this place.
 E = Time spent auto-exploring this place.
 F = Levels seen in this place.
 G = Mean time per level.
                   A        B        C        D        E       F      G
               +--------+--------+--------+--------+--------+-----+--------+
         Total |   4193 |   4161 |     32 |    320 |   3082 |   5 |  838.6 |
       Dungeon |   4193 |   4161 |     32 |    320 |   3082 |   5 |  838.6 |
               +--------+--------+--------+--------+--------+-----+--------+

Top non-repeatable levels by time:
     D:1: 1055 daAuts
     D:2: 925 daAuts
     D:3: 905 daAuts
     D:5: 676 daAuts
     D:4: 630 daAuts
